 Dungeon Crawl Stone Soup version 0.26.1-11-gd32895ea62 (webtiles) character file.

Game seed: 9614089443478860543

14124 Bergy the Basher (level 12, -4/73 HPs)
             Began as a Gargoyle Fighter on July 15, 2021.
             Was a Priest of Makhleb.
             Slain by a cyclops (14 damage)
             ... on level 13 of the Dungeon.
             The game lasted 01:00:27 (12266 turns).

Bergy the Basher (Gargoyle Fighter)                Turns: 12266, Time: 01:00:28

Health: -4/73      AC: 31    Str: 24    XL:     12   Next: 13%
Magic:  12/12      EV: 10    Int:  9    God:    Makhleb [***...]
Gold:   437        SH: 11    Dex: 10    Spells: 11/11 levels left

rFire    + . .     SeeInvis .   a - +1 flail (protect)
rCold    x . .     Faith    .   c - +0 kite shield
rNeg     + . .     Spirit   .   y - +0 plate armour
rPois    ∞         Reflect  .   (no helmet)
rElec    +         Harm     .   (no cloak)
rCorr    .         Rampage  .   r - +0 pair of gloves
Will     .....                  (no boots)
Stlth    ..........             (no amulet)
HPRegen  0.22/turn              E - +4 ring of evasion
MPRegen  0.13/turn              l - ring of fire

@: protection aura
A: negative energy resistance 1, electricity resistance, unbreathing,
petrification resistance, miasma immunity, AC +8
a: Renounce Religion, Minor Destruction, Lesser Servant of Makhleb


You were on level 13 of the Dungeon.
You worshipped Makhleb.
Makhleb was most pleased with you.
You visited 2 branches of the dungeon, and saw 13 of its levels.
You also visited: Ossuary.

You collected 437 gold pieces.

Inventory:

Hand Weapons
 a - a +1 flail of protection (weapon)
 A - a +2 whip of flaming
Armour
 c - a +0 kite shield (worn)
 f - the +1 scale mail of the Evening {-Tele +Fly rN+ MP+9}
   (You found it on level 6 of the Dungeon)

   It protects you from negative energy.
   It affects your magic capacity (+9).
   It lets you fly.
   It prevents most forms of teleportation.
 r - a +0 pair of gloves (worn)
 y - a +0 plate armour (worn)
 C - a +2 chain mail of fire resistance
Jewellery
 g - an uncursed ring of magical power
 l - a ring of fire (right hand)
 E - a +4 ring of evasion (left hand)
Wands
 d - a wand of random effects (32)
 i - a wand of flame (24)
 k - a wand of digging (5)
 t - a wand of acid (5)
Scrolls
 b - a scroll of fog {unknown}
 e - 6 scrolls of remove curse
 h - 2 scrolls of identify
 j - 8 scrolls of teleportation
 s - 2 scrolls of enchant weapon {unknown}
 u - a scroll of blinking {unknown}
 v - 5 scrolls of enchant armour
Potions
 m - 2 potions of cancellation
 n - a potion of brilliance {unknown}
 o - 2 potions of ambrosia {unknown}
 p - 2 potions of flight {unknown}
 q - a potion of magic {unknown}
 x - a potion of attraction {unknown}
 z - a potion of resistance
 B - a potion of mutation {unknown}
 D - a potion of invisibility {unknown}
 F - a potion of haste {unknown}


   Skills:
 + Level 7.9 Fighting
 - Level 14.0 Maces & Flails
 * Level 9.6 Armour
 + Level 9.0 Shields


You had 11 spell levels left.
You didn't know any spells.
Your spell library was empty.

Dungeon Overview and Level Annotations

Branches:
Dungeon (13/15)            Temple (1/1) D:7            Lair (0/6) D:8
    Orc (0/2) D:9         Ossuary (visited)
 Vaults: D:13-14

Altars:
Ashenzari
Cheibriados
Dithmenos
Elyvilon
Fedhas
Gozag
Hepliaklqana
Kikubaaqudgha
Makhleb
Nemelex Xobeh
Okawaru
Qazlal
Ru
Sif Muna
Trog
Uskayaw
Vehumet
Wu Jian
Xom
Yredelemnul
Zin
The Shining One

Shops:
D:5 :   D:8 }

Annotations:
D:11 Nergalle


Innate Abilities, Weirdness & Mutations

You are resistant to torment.
Your stone body is resilient. (AC +8)
You are immune to poison.
You resist negative energy. (rN+)
You are resistant to electric shocks. (rElec)
You can survive without breathing.
You are immune to petrification.
You are immune to miasma.


Message History

The ghoul is lightly damaged.
The ghoul claws you but does no damage. x2
You thump the ghoul!
The ghoul is lightly damaged.
The cyclops hits you but does no damage.
You barely miss the ghoul.
The ghoul is lightly damaged.
You block the ghoul's attack. x2
You closely miss the ghoul.
The ghoul is lightly damaged.
The ghoul claws you but does no damage. The ghoul barely misses you.
The cyclops hits you.
* * * LOW HITPOINT WARNING * * *
You sock the ghoul!
The ghoul is moderately damaged.
You block the ghoul's attack. The ghoul claws you but does no damage.
Your shield and plate armour prevent you from hitting the ghoul.
The ghoul is moderately damaged.
The cyclops hits you!
You die...

#.........# #...##.
#.........###.#.##.
#................##
######............#
#..............
##..........[... ..###
#.........≈.....
....zo####.....≈≈.≈≈.....
#zzC@nh.....>≈≈≈≈≈((.
######Z...≈≈}....≈...
#.....≈≈≈.[≈≈...
#......≈≈[≈≈≈...
#......≈≈≈≈.≈...
#......$.≈......
#...............
#...............
.....?.........#


You could see a ghoul, a cyclops, a hound, 3 wights, an orc and a redback
zombie.

Vanquished Creatures
  Harold (D:8)
  Erica (D:8)
  2 two-headed ogres
  2 centaur warriors (D:13)
  2 skeletal warriors (D:13)
  Pikel (D:6)
  A cyclops (D:13)
  A manticore (D:12)
  An ugly thing (D:12)
  Psyche (D:8)
  A komodo dragon (D:13)
  2 hornets (D:9)
  Sigmund (D:3)
  A wraith (D:11)
  A steam dragon (D:9)
  4 black bears
  4 orc warriors (D:7)
  2 ice beasts
  3 sky beasts
  5 phantoms
  6 ogres
  5 centaurs
  3 lemures (D:6)
  2 big kobolds
  8 bullfrogs
  4 scorpions
  6 killer bees (D:9)
  12 wights
  5 howler monkeys
  3 electric eels
  3 bullfrog zombies
  3 centaur zombies
  3 jellies
  3 bullfrog skeletons
  5 orc wizards
  A human zombie (Ossuary)
  3 orc priests (D:8)
  4 hounds
  A centaur skeleton (D:9)
  Jessica (D:2)
  3 iguanas
  4 worker ants
  A killer bee zombie (D:6)
  3 big kobold zombies (Ossuary)
  A hound zombie (D:7)
  3 mummies (Ossuary)
  4 gnolls
  11 adders
  A shadow imp (D:9)
  2 white imps (D:6)
  An ufetubus (D:6)
  2 oozes
  4 adder zombies
  An adder skeleton (D:7)
  4 worms
  5 leopard geckos
  42 orcs
  2 ball pythons
  6 giant cockroaches
  8 goblins
  6 hobgoblins
  11 jackals
  15 kobolds
  3 quokkas
  4 bats
  5 frilled lizards
  A goblin zombie (Ossuary)
  A hobgoblin zombie (Ossuary)
  A kobold zombie (Ossuary)
  A leopard gecko skeleton (D:4)
  A quokka skeleton (D:4)
  4 rats
279 creatures vanquished.

Vanquished Creatures (others)
  A quokka (D:12)
  6 withered plants (D:13)
7 creatures vanquished.

Grand Total: 286 creatures vanquished

Notes
Turn   | Place    | Note
-------+----------+-------------------------------------------
     0 | D:1      | Bergy the Gargoyle Fighter began the quest for the Orb.
     0 | D:1      | Reached XP level 1. HP: 14/14 MP: 1/1
   165 | D:1      | Reached XP level 2. HP: 19/19 MP: 2/2
   388 | D:1      | Reached skill level 3 in Maces & Flails
   788 | D:2      | Reached XP level 3. HP: 5/23 MP: 3/3
  1143 | D:2      | Found a radiant altar of Vehumet.
  1143 | D:2      | Noticed Jessica
  1182 | D:2      | Killed Jessica
  1183 | D:2      | Reached skill level 4 in Maces & Flails
  1183 | D:2      | Reached XP level 4. HP: 27/28 MP: 4/4
  1983 | D:3      | Found a bloodstained altar of Trog.
  2029 | D:3      | Reached skill level 5 in Maces & Flails
  2029 | D:3      | Reached XP level 5. HP: 14/32 MP: 5/5
  2838 | D:3      | Noticed Sigmund
  2852 | D:3      | Killed Sigmund
  2853 | D:3      | Reached skill level 6 in Maces & Flails
  2853 | D:3      | Reached XP level 6. HP: 13/37 MP: 6/6
  3324 | D:4      | Reached skill level 7 in Maces & Flails
  3440 | D:4      | Reached XP level 7. HP: 41/41 MP: 7/7
  3634 | D:4      | Reached skill level 8 in Maces & Flails
  3996 | D:5      | Entered Level 5 of the Dungeon
  4167 | D:5      | Reached skill level 9 in Maces & Flails
  4167 | D:5      | Reached XP level 8. HP: 39/46 MP: 8/8
  4268 | D:5      | Found Hoz Estre's Book Emporium.
  4638 | D:5      | Found a sand-covered staircase.
  4647 | Ossuary  | Entered an ossuary
  4763 | Ossuary  | Reached skill level 10 in Maces & Flails
  5436 | D:6      | Got a twisted scale mail
  5449 | D:6      | Identified the +1 scale mail of the Evening {-Tele +Fly rN+
                  | MP+9} (You found it on level 6 of the Dungeon)
  5630 | D:6      | Reached skill level 11 in Maces & Flails
  5663 | D:6      | Reached XP level 9. HP: 15/51 MP: 9/9
  6016 | D:6      | Reached skill level 12 in Maces & Flails
  6310 | D:7      | Found a staircase to the Ecumenical Temple.
  6316 | D:7      | Noticed Pikel
  6520 | D:6      | Killed Pikel
  6949 | D:7      | Reached XP level 10. HP: 54/56 MP: 10/10
  6971 | Temple   | Entered the Ecumenical Temple
  7115 | Temple   | Became a worshipper of Makhleb the Destroyer
  7540 | D:7      | Reached skill level 5 in Armour
  7844 | D:7      | Reached skill level 5 in Shields
  7867 | D:7      | Reached * piety under Makhleb
  8469 | D:8      | Noticed Harold
  8491 | D:9      | Reached skill level 5 in Fighting
  9213 | D:9      | Reached skill level 13 in Maces & Flails
  9269 | D:9      | Reached ** piety under Makhleb
  9442 | D:8      | Killed Harold
  9663 | D:8      | Found Poquvey's Gadget Boutique.
  9673 | D:8      | Reached skill level 14 in Maces & Flails
  9763 | D:8      | Noticed Psyche
  9764 | D:8      | Reached XP level 11. HP: 63/63 MP: 11/11
  9797 | D:8      | Killed Psyche
  9977 | D:8      | Found a staircase to the Lair.
 10065 | D:8      | Noticed Erica
 10309 | D:8      | Killed Erica
 10739 | D:9      | Noticed a two-headed ogre
 10750 | D:9      | HP: 1/64 [two-headed ogre/+0 giant club (11)]
 10757 | D:9      | Killed a two-headed ogre
 11138 | D:9      | Found a staircase to the Orcish Mines.
 11141 | D:9      | You fall into a shaft and drop 3 floors!
 11177 | D:12     | Reached *** piety under Makhleb
 11193 | D:12     | Noticed a manticore
 11193 | D:12     | Noticed a purple ugly thing
 11229 | D:12     | Killed a manticore
 11244 | D:12     | Killed a purple ugly thing
 11389 | D:12     | Noticed a red ugly thing
 11530 | D:11     | Noticed Nergalle
 11545 | D:13     | Noticed a centaur warrior
 11569 | D:13     | Killed a centaur warrior
 11684 | D:13     | Noticed a two-headed ogre
 11702 | D:13     | Killed a two-headed ogre
 11729 | D:13     | Noticed a centaur warrior
 11740 | D:13     | Killed a centaur warrior
 11884 | D:13     | Noticed a skeletal warrior
 11885 | D:13     | Noticed a skeletal warrior
 11923 | D:13     | Killed a skeletal warrior
 11924 | D:13     | Reached XP level 12. HP: 52/72 MP: 12/12
 12240 | D:13     | Noticed a ghoul
 12266 | D:13     | Slain by a cyclops

Illustrated notes

Levels and vault maps discovered:
D:1:      wheals_arrival_shading, layout_loops_ring
D:2:      layout_basic, vehumet_crystals, kennysheep_nub, minmay_tetromino_l2,
          uniq_jessica
D:3:      cheibrodos_helix_gallery, layout_loops_ring,
          trog_three_pillars_becter, uniq_sigmund
D:4:      layout_basic
D:5:      layout_loops_ring, serial_shops, nicolae_shop_behind_doors,
          nicolae_ossuary_entry_ruins
D:6:      layout_basic, kennysheep_generic_room_2
D:7:      layout_rooms, minmay_temple_entry_junction, uniq_pikel
D:8:      layout_cave_pools, lair_entry_dummy, serial_shops, shop_statue,
          uniq_psyche, uniq_erica, uniq_harold
D:9:      layout_loops_ring, minmay_orc_entry_temple_small
D:11:     minmay_bubble_buster, layout_stronghold, serial_shops, shop,
          uniq_nergalle
D:12:     layout_gridville, minivault_23, elyvilon_altar_4
D:13:     layout_roguey, serial_undead, serial_undead_c, serial_undead_f,
          serial_undead_d, serial_undead_c, portal_ice_cave_demonic_guard,
          disabler_island, uniq_nessos
Temple:   kilobyte_greek_temple

Skill      XL: |  1  2  3  4  5  6  7  8  9 10 11 12 |
---------------+-------------------------------------+-----
Maces & Flails | 3 4 5 6 7 9 11 12 14 | 14.0
Shields        | 4 5 8 9 |  9.0
Fighting       | 4 5 7 |  7.9
Armour         | 4 6 9 |  9.6

Action                   |  1- 3 |  4- 6 |  7- 9 | 10-12 || total
-------------------------+-------+-------+-------+-------++-------
Melee: Flail             |    86 |   210 |   423 |   580 ||  1299
       Whip              |       |       |    59 |   304 ||   363
  Use: Scroll            |       |     2 |     6 |     2 ||    10
       Potion            |       |     1 |     4 |     5 ||    10
Armor: Scale mail        |    46 |   103 |   160 |    86 ||   395
       Plate armour      |       |       |    26 |   392 ||   418
Dodge: Dodged            |    27 |    72 |   104 |   174 ||   377
Block: Kite shield       |    37 |   105 |   172 |   412 ||   726
